cohdb
Replays
Latest Replays
All Replays
Popular Replays
Top Player Replays
Match Explorer
How It Works
Community
CoH3 Stats
Reddit
Sign in to upload your games and track your stats! →
Sign in with Steam
Match 44002314
Unlisted
Match 44002314
Overview
Messages
Build Orders
End
Construct Barracks
Construct Barracks
Engineer Squad
Riflemen Squad
M1 Mortar Team
Construct Weapon Support Center
M1919 Machine Gun Team
Grenade Package
M1919 Machine Gun Team
Riflemen Squad
Infantry Support Center
Construct Medical Station
Construct Motor Pool
M1 Anti-tank Gun Team
Construct Tank Depot
Selects Heavy Weapons
Selects Assault Carriers
Selects Halftrack Strongpoints
M4A1 Sherman Medium Tank
.30 cal Machine Gun
rdk
寶兔兔
1638765146
Kham
Monio155
Agent Smith
你
Robin Da Hood
0
0
Comments
sign in to comment!
No comments posted yet!